 Dungeon Crawl Stone Soup version 0.24-a0-487-g57318f2ed0 (webtiles) character file.

Game seed: 4213294870301548337

940 Gargoyl the Covered (level 7, -11/59 HPs)
             Began as a Centaur Abyssal Knight on July 10, 2019.
             Was a Priest of Lugonu.
             Mangled by Menkaure (20 damage)
             ... on level 6 of the Dungeon.
             The game lasted 00:09:08 (5310 turns).

Gargoyl the Covered (Centaur Abyssal Knight)        Turns: 5310, Time: 00:09:09

Health: -11/59     AC: 10    Str: 15    XL:     7   Next: 88%
Magic:  10/10      EV:  5    Int: 11    God:    Lugonu [***...]
Gold:   71         SH:  0    Dex: 10    Spells: 6/6 levels left

rFire    . . .     SeeInvis .   p - +2 hand axe (chop)
rCold    . . .     Gourm    .   (no shield)
rNeg     . . .     Faith    .   g - +0 chain mail
rPois    .         Spirit   .   f - +1 helmet
rElec    .         Reflect  .   (no cloak)
rCorr    .         Harm     .   (no gloves)
MR       .....                  (no barding)
Stlth    ..........             d - amulet of regeneration
HPRegen  0.59/turn              (no ring)
MPRegen  0.12/turn              (no ring)

@: very quick
A: large, hooves 3, deformed body, speed 2, tough skin 3
a: Depart the Abyss, Bend Space, Banish, Renounce Religion


You were on level 6 of the Dungeon.
You worshipped Lugonu.
Lugonu was most pleased with you.
You were not hungry.

You visited 1 branch of the dungeon, and saw 6 of its levels.
You visited the Abyss 1 time.
You also visited: Sewer.

You collected 351 gold pieces.
You spent 280 gold pieces at shops.

Inventory:

Hand Weapons
 a - a +1 hand axe
 p - a +2 hand axe of chopping (weapon)
Missiles
 r - 4 javelins (quivered)
Armour
 f - a +1 helmet (worn)
 g - a +0 chain mail (worn)
Jewellery
 d - an amulet of regeneration (around neck)
Wands
 s - a wand of iceblast (9)
Scrolls
 e - a scroll of identify
 m - 2 scrolls of teleportation
 t - a scroll of fear
Potions
 b - a potion of lignification
 h - 3 potions of haste
 j - a potion of degeneration {unknown}
 k - 5 potions of magic
 l - 2 potions of brilliance {unknown}
 n - a potion of might {unknown}
 o - 2 potions of flight {unknown}
 q - 3 potions of heal wounds
Comestibles
 c - 9 rations
 i - 6 chunks of flesh


   Skills:
 + Level 4.2 Fighting
 + Level 3.9 Axes
 + Level 1.0 Throwing
 * Level 4.4 Armour
 * Level 2.4 Dodging
 * Level 4.1 Invocations


You had 6 spell levels left.
You didn't know any spells.
Your spell library was empty.

Dungeon Overview and Level Annotations

Branches:
Dungeon (6/15)             Temple (0/1) D:4

Altars:

Shops:
D:5 !

Annotations:
D:6 Menkaure


Innate Abilities, Weirdness & Mutations

You have hooves in place of feet.
Armour fits poorly on your strangely shaped body.
You cover ground very quickly.
You have extremely tough skin. (AC +3)


Message History

Okay, then.
You open the door.
Menkaure, Prince of Dust comes into view.
Menkaure shouts!
Found 28 stones.
There is an open door here.
Menkaure is nearby!
Menkaure calls on the powers of darkness!
Your body is wracked with pain!
Menkaure hits you!!
* * * LOW HITPOINT WARNING * * *
You hit Menkaure.
Menkaure is lightly damaged.
Menkaure calls on the powers of darkness!
Your body is wracked with pain!
* * * LOW HITPOINT WARNING * * *
You completely miss Menkaure.
Menkaure is lightly damaged.
Menkaure hits you!!
You die...

######### ........#
############ ........#
#..<.#.....# .......M+
#....#.....#
.......@##+##...<##....#
........#..##....##....#
##+#....#..............#
#....'..............#
#....#..####..##....#
#...(#..####..##....#
#....#..............#
+....#.....(........#
#....#..##########+##


You could see Menkaure.

Vanquished Creatures
  A phantom (D:4)
  An ogre (D:5)
  2 scorpions
  2 howler monkeys
  4 orc priests
  A bullfrog skeleton (D:4)
  A hound (D:4)
  A worker ant (D:5)
  3 orc wizards
  A hound skeleton (D:5)
  4 gnolls (D:4)
  A howler monkey skeleton (D:4)
  9 adders
  4 worms
  A dart slug (D:1)
  A leopard gecko (D:3)
  12 orcs
  2 ball pythons (Sewer)
  9 bats
  6 giant cockroaches
  3 goblins
  7 hobgoblins
  3 jackals (Sewer)
  14 kobolds
  3 quokkas
  6 frilled lizards
  A jackal skeleton (D:4)
  5 rats
108 creatures vanquished.

Vanquished Creatures (others)
  An ogre (D:4)
1 creature vanquished.

Grand Total: 109 creatures vanquished

Notes
Turn   | Place    | Note
-------+----------+-------------------------------------------
     0 | Abyss:1  | Gargoyl the Centaur Abyssal Knight began the quest for the
                  | Orb.
     0 | Abyss:1  | Reached XP level 1. HP: 19/19 MP: 2/2
    79 | Abyss:2  | Noticed a small abomination
    80 | Abyss:2  | Noticed a lich
    84 | D:1      | Escaped the Abyss
   183 | D:1      | Reached * piety under Lugonu
   241 | D:1      | Reached XP level 2. HP: 17/26 MP: 3/3
   479 | D:1      | Reached skill level 1 in Dodging
  1132 | D:2      | Reached XP level 3. HP: 29/31 MP: 4/4
  1817 | D:3      | Reached XP level 4. HP: 32/38 MP: 5/5
  1988 | D:3      | Reached ** piety under Lugonu
  2435 | D:4      | Reached XP level 5. HP: 42/46 MP: 7/7
  2478 | D:4      | Found a glowing drain.
  2530 | Sewer    | Entered a sewer
  3201 | D:4      | Reached *** piety under Lugonu
  3330 | D:4      | Reached XP level 6. HP: 52/52 MP: 8/8
  3828 | D:4      | Reached XP level 7. HP: 31/59 MP: 9/9
  3935 | D:4      | Found a staircase to the Ecumenical Temple.
  4445 | D:5      | Entered Level 5 of the Dungeon
  4865 | D:5      | Found Qowob's Distillery.
  4871 | D:5      | Bought a potion of heal wounds for 70 gold pieces
  4871 | D:5      | Bought a potion of heal wounds for 70 gold pieces
  4871 | D:5      | Bought a potion of haste for 140 gold pieces
  4918 | D:5      | Reached skill level 1 in Throwing
  5305 | D:6      | Noticed Menkaure
  5310 | D:6      | Mangled by Menkaure

Levels and vault maps discovered:
D:1:      dpeg_arrival_yet_another_circle, layout_loops_corners,
          minmay_distorted
D:2:      layout_loops_cross, first_ration, kennysheep_boxes
D:3:      layout_basic, serial_bayou_crossing
D:4:      layout_layer_cave, minmay_temple_entry_proselytizer,
          gup_sewer_entry_glass
D:5:      layout_basic, serial_shops, nicolae_shop_stone,
          corexii_item_surrounded_by_moat
D:6:      layout_gridville, led_sif_book, nicolae_ossuary_entry_catacombs,
          corexii_corridor_pit, uniq_menkaure, uniq_blork_the_orc

Skill      XL: |  1  2  3  4  5  6  7 |
---------------+----------------------+-----
Dodging        | 1 2 |  2.4
Axes           | 2 3 |  3.9
Armour         | 2 3 4 |  4.4
Invocations    | 3 4 |  4.1
Fighting       | 4 |  4.2
Throwing       | 1 |  1.0

Action                   |  1- 3 |  4- 6 |  7- 9 || total
-------------------------+-------+-------+-------++-------
Melee: Hand axe          |   125 |   182 |    56 ||   363
       Kick              |    15 |    37 |     8 ||    60
Throw: Javelin           |       |     6 |     8 ||    14
Invok: Depart the Abyss  |     1 |       |       ||     1
       Banish            |       |       |     1 ||     1
  Use: Scroll            |       |     8 |     2 ||    10
  Eat: Chunk             |     2 |     5 |     4 ||    11
Armor: Leather armour    |     2 |       |       ||     2
       Chain mail        |    98 |   123 |    27 ||   248
Dodge: Dodged            |    36 |    40 |    15 ||    91

Table legend:
 A = Non-vault XP
 B = Vault XP
 C = Vault XP percentage of total XP
 D = Non-vault monster count
 E = Vault monster count
 F = Vault count percentage of total count
                 A         B        C        D         E       F
            +---------+---------+-------+---------+---------+-------
      Total |    1221 |     123 |   9.2 |      83 |      26 |  23.9
            +---------+---------+-------+---------+---------+-------
        D:1 |      31 |       1 |   3.1 |      18 |       1 |   5.3
        D:2 |      19 |       0 |   0.0 |       9 |       0 |   0.0
        D:3 |     136 |       0 |   0.0 |      18 |       0 |   0.0
        D:4 |     680 |      73 |   9.7 |      28 |       6 |  17.6
        D:5 |     355 |       0 |   0.0 |      10 |       0 |   0.0
      Sewer |       0 |      49 | 100.0 |       0 |      19 | 100.0
            +---------+---------+-------+---------+---------+-------
